 Dungeon Crawl Stone Soup version 0.28-a0-1190-g77e1c55843 (webtiles) character file.

Game seed: 12344163178444875885

349 Gargoyl the Skirmisher (level 6, 0/53 HPs)
             Began as a Gnoll Abyssal Knight on Dec 18, 2021.
             Was a Believer of Lugonu.
             Slain by a killer bee (6 damage)
             ... on level 5 of the Dungeon.
             The game lasted 00:04:25 (4062 turns).

Gargoyl the Skirmisher (Gnoll Abyssal Knight)       Turns: 4062, Time: 00:04:26

Health: 0/53       AC:  8    Str: 27    XL:     6   Next: 60%
Magic:  7/9        EV: 12    Int:  9    God:    Lugonu [**....]
Gold:   62         SH:  0    Dex: 12    Spells: 9/9 levels left

rFire   . . .      SeeInvis .   m - +1 long sword (holy)
rCold   . . .      Faith    .   (no shield)
rNeg    . . .      Spirit   .   l - +0 ring mail
rPois   .          Reflect  .   i - +0 helmet
rElec   .          Harm     .   (no cloak)
rCorr   .          Rampage  .   (no gloves)
Will    .....                   q - +0 pair of boots
Stlth   +.........              (no amulet)
HPRegen 0.17/turn               c - +6 ring of strength
MPRegen 0.11/turn               n - +6 ring of strength

@: lethally poisoned (0 -> -6)
A: fangs 1, strong nose, distributed training
a: Renounce Religion, Depart the Abyss, Bend Space


You were on level 5 of the Dungeon.
You worshipped Lugonu.
Lugonu was pleased with you.
You visited 1 branch of the dungeon, and saw 5 of its levels.
You visited the Abyss 1 time.

You collected 221 gold pieces.
You spent 159 gold pieces at shops.

Inventory:

Hand Weapons
 a - a +1 hand axe
 k - a +0 war axe
 m - a +1 long sword of holy wrath (weapon)
Missiles
 j - a throwing net
Armour
 i - a +0 helmet (worn)
 l - a +0 ring mail (worn)
 q - a +0 pair of boots (worn)
Jewellery
 c - a +6 ring of strength (left hand)
 n - a +6 ring of strength (right hand)
Wands
 h - a wand of acid (12)
 o - a wand of mindburst (14)
 r - a wand of flame (11)
Scrolls
 d - a scroll of enchant armour
 f - 4 scrolls of magic mapping
Potions
 b - 2 potions of degeneration {unknown}
 e - a potion of curing
 g - a potion of heal wounds {unknown}
 p - a potion of attraction {unknown}


   Skills:
 + Level 6.8 Fighting
 + Level 2.0 Short Blades
 + Level 2.0 Long Blades
 + Level 5.0 Axes
 + Level 2.0 Maces & Flails
 + Level 2.0 Polearms
 + Level 2.0 Staves
 + Level 2.0 Slings
 + Level 2.0 Bows
 + Level 2.0 Crossbows
 + Level 2.0 Throwing
 + Level 5.0 Armour
 + Level 3.3 Dodging
 + Level 2.0 Stealth
 + Level 2.0 Shields
 + Level 2.0 Unarmed Combat
 + Level 2.0 Spellcasting
 + Level 1.6 Conjurations
 + Level 1.6 Hexes
 + Level 1.6 Summonings
 + Level 1.6 Necromancy
 + Level 1.6 Translocations
 + Level 1.6 Transmutations
 + Level 1.6 Fire Magic
 + Level 1.6 Ice Magic
 + Level 1.6 Air Magic
 + Level 1.6 Earth Magic
 + Level 1.6 Poison Magic
 + Level 5.1 Invocations
 + Level 2.0 Evocations


You had 9 spell levels left.
You didn't know any spells.
Your spell library was empty.

Dungeon Overview and Level Annotations

Branches:
Dungeon (5/15)
 Temple: D:4-7

Altars:
Fedhas
Hepliaklqana
Nemelex Xobeh
Sif Muna

Shops:
D:4 =((:


Innate Abilities, Weirdness & Mutations

You have very sharp teeth.
Your uncanny sense of smell can sniff out nearby items.
Your experience applies equally to all skills.


Message History

You are poisoned.
The killer bee poisons you!
The killer bee stings you but does no damage.
The killer bee stings you. The killer bee barely misses you.
The killer bee closely misses you. The killer bee stings you!
Unknown command.
Okay, then.
Okay, then.
Okay, then.
Okay, then.
Space bends around you!
You blink.
You feel very sick.
You feel sick. The killer bee misses you.
You feel sick.
The killer bee stings you but does no damage.
The killer bee stings you! The killer bee misses you.
The killer bee stings you but does no damage.
The killer bee closely misses you.
You feel sick. The killer bee barely misses you. The killer bee misses you.
The killer bee stings you.
* * * LOW HITPOINT WARNING * * *
The killer bee stings you but does no damage. x2
The killer bee misses you.
There is a stone staircase leading down here.
You feel sick.
The killer bee stings you but does no damage.
The killer bee stings you.
* * * LOW HITPOINT WARNING * * *
You are more poisoned.
The killer bee poisons you! The killer bee closely misses you.
The killer bee stings you but does no damage.
The killer bee barely misses you. x2; The killer bee closely misses you.
The killer bee barely misses you.
You climb downwards.
You feel sick.
Found 9 gold pieces.
There is a stone staircase leading up here.
Space bends around you!
You blink.
* * * LOW HITPOINT WARNING * * *
You feel sick. The killer bee barely misses you. The killer bee stings you.
You die...

... #.#
#.#
######.##
#.......#
#.......#
#.....yy#
#....@y§#
#.....ly#
#$......#
#.......#
#########


You could see a komodo dragon and 4 killer bees.

Vanquished Creatures
  A black bear (D:4)
  A scorpion (D:4)
  A centaur skeleton (D:4)
  A hound (D:4)
  5 adders
  An adder skeleton (D:4)
  9 dart slugs (D:3)
  An orc (D:4)
  6 endoplasms
  3 giant cockroaches
  5 goblins
  7 hobgoblins
  12 jackals
  3 quokkas
  8 ball pythons
  5 bats (D:2)
  3 frilled lizards
  3 kobolds
  8 rats
83 creatures vanquished.

Notes
Turn   | Place    | Note
-------+----------+-------------------------------------------
     0 | Abyss:1  | Gargoyl the Gnoll Abyssal Knight began the quest for the
                  | Orb.
     0 | Abyss:1  | Reached XP level 1. HP: 23/23 MP: 3/3
    75 | Abyss:2  | Found a corrupted altar of Lugonu.
    76 | Abyss:2  | Noticed an ancient zyme
   148 | Abyss:2  | Noticed a small abomination
   163 | Abyss:2  | Noticed a large abomination
   164 | D:1      | Escaped the Abyss
   189 | D:1      | Reached * piety under Lugonu
   253 | D:1      | Reached XP level 2. HP: 23/29 MP: 5/5
   657 | D:1      | Reached XP level 3. HP: 25/35 MP: 6/6
  1304 | D:2      | Found a faded altar of an unknown god.
  1323 | D:2      | Reached skill level 1 in Short Blades
  1323 | D:2      | Reached skill level 1 in Long Blades
  1323 | D:2      | Reached skill level 1 in Maces & Flails
  1323 | D:2      | Reached skill level 1 in Polearms
  1323 | D:2      | Reached skill level 1 in Staves
  1323 | D:2      | Reached skill level 1 in Slings
  1323 | D:2      | Reached skill level 1 in Bows
  1323 | D:2      | Reached skill level 1 in Crossbows
  1323 | D:2      | Reached skill level 1 in Throwing
  1323 | D:2      | Reached skill level 1 in Stealth
  1323 | D:2      | Reached skill level 1 in Shields
  1323 | D:2      | Reached skill level 1 in Unarmed Combat
  1323 | D:2      | Reached skill level 1 in Spellcasting
  1323 | D:2      | Reached skill level 1 in Evocations
  1429 | D:2      | Found a blossoming altar of Fedhas.
  1476 | D:2      | Reached XP level 4. HP: 33/41 MP: 7/7
  1773 | D:2      | Reached ** piety under Lugonu
  2438 | D:3      | Reached skill level 1 in Conjurations
  2438 | D:3      | Reached skill level 1 in Hexes
  2438 | D:3      | Reached skill level 1 in Summonings
  2438 | D:3      | Reached skill level 1 in Necromancy
  2438 | D:3      | Reached skill level 1 in Translocations
  2438 | D:3      | Reached skill level 1 in Transmutations
  2438 | D:3      | Reached skill level 1 in Fire Magic
  2438 | D:3      | Reached skill level 1 in Ice Magic
  2438 | D:3      | Reached skill level 1 in Air Magic
  2438 | D:3      | Reached skill level 1 in Earth Magic
  2438 | D:3      | Reached skill level 1 in Poison Magic
  2867 | D:3      | Reached XP level 5. HP: 44/47 MP: 8/8
  3266 | D:4      | Found Lyotil's Weapon Shoppe.
  3285 | D:4      | Bought a +1 long sword of holy wrath for 159 gold pieces
  3464 | D:4      | Found a hazy altar of Hepliaklqana.
  3474 | D:4      | Found a shimmering blue altar of Sif Muna.
  3586 | D:4      | Found a sparkling altar of Nemelex Xobeh.
  3750 | D:4      | Noticed a black bear
  3775 | D:4      | Killed a black bear
  3776 | D:4      | Reached skill level 5 in Axes
  3776 | D:4      | Reached skill level 5 in Armour
  3776 | D:4      | Reached skill level 5 in Invocations
  3776 | D:4      | Reached XP level 6. HP: 43/53 MP: 9/9
  3869 | D:4      | Found Kilo Nuaf's Jewellery Shop.
  4025 | D:4      | Found Lownamiy's Book Emporium.
  4045 | D:4      | Found Ini Kedgh's Antique Weapon Shop.
  4061 | D:5      | Entered Level 5 of the Dungeon
  4061 | D:5      | Noticed a komodo dragon
  4062 | D:5      | Slain by a killer bee

Illustrated notes

Levels and vault maps discovered:
D:1:      scummos_arrival_star, layout_loops_cross
D:2:      layout_loops_ring, basic_altar, nicolae_ecumenical_pavilion
D:3:      kennysheep_slugbush, layout_loops_ring
D:4:      layout_gridville, mainiacjoe_overflow_surrounded_room,
          mainiacjoe_overflow_big_doors, serial_shops, shop, nicolae_shop_trees,
          nicolae_shop_bloodbath_and_beyond, nicolae_shop_crystal
D:5:      layout_loops_cross, mainiacjoe_overflow_catwalk, temple_green,
          serial_shops, shop, serial_undead, serial_undead_a, serial_undead_d,
          serial_undead_e, serial_undead_e, serial_undead_e, serial_undead_f

Skill      XL: |  1  2  3  4  5  6 |
---------------+-------------------+-----
Short Blades   | 1 2 |  2.0
Long Blades    | 1 2 |  2.0
Maces & Flails | 1 2 |  2.0
Polearms       | 1 2 |  2.0
Staves         | 1 2 |  2.0
Slings         | 1 2 |  2.0
Bows           | 1 2 |  2.0
Crossbows      | 1 2 |  2.0
Throwing       | 1 2 |  2.0
Stealth        | 1 2 |  2.0
Shields        | 1 2 |  2.0
Unarmed Combat | 1 2 |  2.0
Spellcasting   | 1 2 |  2.0
Evocations     | 1 2 |  2.0
Conjurations   | 1 |  1.6
Hexes          | 1 |  1.6
Summonings     | 1 |  1.6
Necromancy     | 1 |  1.6
Translocations | 1 |  1.6
Transmutations | 1 |  1.6
Fire Magic     | 1 |  1.6
Ice Magic      | 1 |  1.6
Air Magic      | 1 |  1.6
Earth Magic    | 1 |  1.6
Poison Magic   | 1 |  1.6
Dodging        | 3 |  3.3
Axes           | 5 |  5.0
Armour         | 5 |  5.0
Invocations    | 5 |  5.1
Fighting       | |  6.8

Action                   |  1- 3 |  4- 6 || total
-------------------------+-------+-------++-------
Melee: Hand axe          |   109 |    88 ||   197
       Bite              |    10 |    14 ||    24
       Long sword        |       |    32 ||    32
Invok: Depart the Abyss  |     1 |       ||     1
       Bend Space        |       |     2 ||     2
  Use: Scroll            |     6 |     2 ||     8
 Stab: Sleeping          |     1 |     2 ||     3
Armor: Leather armour    |    29 |    31 ||    60
       Ring mail         |       |    33 ||    33
Dodge: Dodged            |    95 |   130 ||   225

Table legend: (Time is in decaauts)
 A = Elapsed time spent in this place.
 B = Non-inter-level travel time spent in this place.
 C = Inter-level travel time spent in this place.
 D = Time resting spent in this place.
 E = Time spent auto-exploring this place.
 F = Levels seen in this place.
 G = Mean time per level.
                   A        B        C        D        E       F      G
               +--------+--------+--------+--------+--------+-----+--------+
         Total |   4096 |   3970 |    126 |     88 |   2994 |   7 |  585.1 |
       Dungeon |   3933 |   3807 |    126 |     88 |   2888 |   5 |  786.6 |
         Abyss |    163 |    163 |      0 |      0 |    106 |   2 |   81.5 |
               +--------+--------+--------+--------+--------+-----+--------+

Top non-repeatable levels by time:
     D:1: 1146 daAuts
     D:2: 1055 daAuts
     D:3: 925 daAuts
     D:4: 806 daAuts
 Abyss:2: 98 daAuts
 Abyss:1: 65 daAuts
     D:5: 0 daAuts
